AoeStats
← Joa_aoe

Arabia

510192702Analyzed
1v1 RM · 18h ago on Sep 29, 2026· 35m 43s· 2 players
Game mode
Random Map
Map size
Tiny (2 player)
Population
200
Speed
Normal
Resources
Standard
Victory
Conquest
Starting age
Dark Age
Ending age
Imperial Age
RankedLock teamsTeams togetherTeam positionsShared explorationLock speedFull tech treeHidden civsTurbo modeCheats
Victory
Defeat
🇦🇷 Mongols · Argentina
1207
+16
🇷🇺 Varangians · Russia
1217
-16
Joa_aoe
5:31 Loom
8:21 Feudal Age
8:56 Double-Bit Axe
8:53 Horse Collar
20:29 Castle Age
19:16 Bloodlines
20:16 Fletching
21:28 Bodkin Arrow
21:50 Bow Saw
23:53 Ballistics
24:53 Husbandry
27:31 Scale Barding Armor
29:24 Forging
30:55 Padded Archer Armor
33:03 Wheelbarrow
32:13 Town Watch
33:08 Chain Barding Armor
36:11 Iron Casting
nemik
3:58 Loom
7:05 Loom
9:50 Feudal Age
11:01 Double-Bit Axe
18:11 Forging
18:17 Horse Collar
22:22 Castle Age
21:14 Scale Barding Armor
21:23 Bloodlines
22:28 Wheelbarrow
22:02 Gold Mining
24:06 Bow Saw
24:32 Chain Barding Armor
26:59 Husbandry
27:37 Iron Casting
30:53 Fletching
34:59 Bodkin Arrow
Connection lost

Rejoining the realm…

Still unreachable

The connection could not be restored.

Session expired

The server has moved on; the page needs a fresh start.